[Event "Early-Titled-Tuesday-Blitz-March-19-2024"]
[Site "Chess.com"]
[Date "2024.03.19"]
[Round "10"]
[White "TV27"]
[Black "ragnaroek66"]
[Result "0-1"]
[WhiteElo "2278"]
[BlackElo "2534"]
[TimeControl "180+1"]
[EndTime "9:51:57 PDT"]
[Termination "ragnaroek66 won by resignation"]

1. f4 d5 2. Nf3 Nf6 3. e3 g6 4.
c3 Bg7 5. d4 O-O 6. Bd3 b6 7.
Qe2 Bb7 8. O-O c5 9. Nbd2 Ne4 10. Bxe4 dxe4 11. Ng5 Ba6 12. c4 cxd4 13. exd4 Qxd4+ 14. Kh1 e3 15. Nb3 Qxc4 16. Qxc4 Bxc4 17. Re1 e2 18.
Ne4 Nc6 19. Nc3 Rfd8 20. Be3 Nb4 21. Rxe2 Bxc3 22. Rc2 Nxc2 23. Rc1 Nxe3 0-1

[Event "Early-Titled-Tuesday-Blitz-March-19-2024"]
[Site "Chess.com"]
[Date "2024.03.19"]
[Round "10"]
[White "Mikhail_Bryakin"]
[Black "Golubovsky"]
[Result "0-1"]
[WhiteElo "2701"]
[BlackElo "2519"]
[TimeControl "180+1"]
[EndTime "9:52:01 PDT"]
[Termination "Golubovsky won by checkmate"]

1. e4 c5 2. d4 cxd4 3. Qxd4 Nc6 4. Qd3 Nf6 5. Nc3 d6 6. Nf3 g6 7. Be2 Bg7 8. O-O O-O 9. Nd5 Nxd5 10. exd5 Bf5 11. Qd1 Nb4 12. c3 Nc2 13. g4 Nxa1 14. gxf5 Qa5 15. Bg5 Qxa2 16. Qxa1 Qxd5 17. Bxe7 Rfe8 18.
f6 Bxf6 19. Bxf6 Rxe2 20. Nd4 Re4 21. Qd1 h5 22. Qd3 Rg4+ 23. Qg3 Rxg3+ 24. hxg3 Re8 25. Ra1 a6 26. Kf1 Qh1# 0-1

[Event "Early-Titled-Tuesday-Blitz-March-19-2024"]
[Site "Chess.com"]
[Date "2024.03.19"]
[Round "10"]
[White "cristiano78"]
[Black "nikitakhoroshev"]
[Result "1-0"]
[WhiteElo "2277"]
[BlackElo "2641"]
[TimeControl "180+1"]
[EndTime "9:52:23 PDT"]
[Termination "cristiano78 won by resignation"]

1. d4 d5 2. c4 dxc4 3. e3 e5 4. Bxc4 exd4 5. Nf3 Nf6 6. O-O Be7 7. Nxd4 O-O 8. Nc3 Nbd7 9. b3 Ne5 10. Be2 c6 11. Bb2 Bg4 12. Nf3 Nxf3+ 13. Bxf3 Bxf3 14.
Qxf3 Qc7 15. Rad1 Rad8 16. Rxd8 Rxd8 17. Rd1 Rxd1+ 18. Qxd1 Qd6 19. Qxd6 Bxd6 20. g3 Kf8 21. f3 Ke7 22. Kf2 Nd7 23. e4 f6 24. Ke2 h5 25.
Nd1 h4 26. f4 hxg3 27. hxg3 Nc5 28. Kf3 Nd3 29. Bd4 Nc1 30. Bxa7 Nxa2 31. Ne3 Nc1 32. Nc4 Nxb3 33. Nxd6 Kxd6 34. e5+ fxe5 35. Bb8+ Ke6 36. Bxe5 Nd2+ 37. Kg4 Nc4 38. Bxg7 b5 39. f5+ Kf7 40. Bc3 c5 41. Kf4 b4 42. Ba1 Na3 43. g4 c4 44. g5 Nc2 45. g6+ Kg8 46. Be5 c3 47. f6 Ne1 48. f7+ Kf8 49. Bd6+ Kg7 50. f8=Q+ Kxg6 51. Qg8+ 1-0

[Event "Early-Titled-Tuesday-Blitz-March-19-2024"]
[Site "Chess.com"]
[Date "2024.03.19"]
[Round "10"]
[White "aljado"]
[Black "Sofia_Blokhin"]
[Result "1-0"]
[WhiteElo "2128"]
[BlackElo "2239"]
[TimeControl "180+1"]
[EndTime "9:52:23 PDT"]
[Termination "aljado won by checkmate"]

1. e4 c5 2. Nf3 e6 3. d4 cxd4 4. Nxd4 a6 5. g3 Nf6 6. Bg2 Qc7 7. O-O d6 8. Nc3 Be7 9. Be3 O-O 10. Qe2 Nc6 11. Rad1 Na5 12. Kh1 Nc4 13. Bc1 Rb8 14. f4 b5 15. a3 Bb7 16. g4 Nxa3 17. g5 Nd7 18. f5 e5 19. f6 Bd8 20. Nf5 gxf6 21.
gxf6 Nxf6 22. Bh6 Re8 23. Qf3 Kh8 24. Bg7+ Kg8 25. Qg3 Nh5 26. Nh6# 1-0

[Event "Early-Titled-Tuesday-Blitz-March-19-2024"]
[Site "Chess.com"]
[Date "2024.03.19"]
[Round "10"]
[White "rezamahdavi2008"]
[Black "shimastream"]
[Result "0-1"]
[WhiteElo "2857"]
[BlackElo "3014"]
[TimeControl "180+1"]
[EndTime "9:52:27 PDT"]
[Termination "shimastream won by resignation"]

1. e4 d5 2. exd5 Qxd5 3. Nc3 Qe5+ 4. Be2 Bg4 5. d4 Bxe2 6. Ngxe2 Qa5 7. d5 c6 8. O-O Nf6 9. Nf4 cxd5 10. Nfxd5 Nxd5 11. Nxd5 e6 12. Re1 Nc6 13. Bf4 O-O-O 14. c4 Bb4 15. Re3 exd5 16. Qg4+ Rd7 17. a3 Bd2 18. cxd5 Qxd5 19. Rd1 f5 20. Qe2 Rhd8 21. h3 Qf7 0-1

[Event "Early-Titled-Tuesday-Blitz-March-19-2024"]
[Site "Chess.com"]
[Date "2024.03.19"]
[Round "10"]
[White "Zheenbekov86"]
[Black "andrew-blr"]
[Result "0-1"]
[WhiteElo "2463"]
[BlackElo "2609"]
[TimeControl "180+1"]
[EndTime "9:52:55 PDT"]
[Termination "andrew-blr won on time"]

1. Nf3 d5 2. g3 Nc6 3. Bg2 e5 4. d3 f5 5. O-O Nf6 6. Nfd2 Be6 7. c4 Qd7 8. cxd5 Nxd5 9. Nc3 O-O-O 10. a3 h5 11. Nf3 h4 12. Nxh4 Rxh4 13. gxh4 Be7 14. Bg5 Rh8 15. Nxd5 Bxd5 16. e4 Be6 17. Rc1 f4 18.
Rxc6 bxc6 19. Qa4 Bxg5 20. hxg5 Bh3 0-1

[Event "Early-Titled-Tuesday-Blitz-March-19-2024"]
[Site "Chess.com"]
[Date "2024.03.19"]
[Round "10"]
[White "rhungaski"]
[Black "viktorgen2021"]
[Result "0-1"]
[WhiteElo "2594"]
[BlackElo "2495"]
[TimeControl "180+1"]
[EndTime "9:53:01 PDT"]
[Termination "viktorgen2021 won by checkmate"]

1. e4 g6 2. d4 Bg7 3. Nc3 d6 4. Be3 Nf6 5. Qd2 c6 6. f3 b5 7.
O-O-O O-O 8. h4 h5 9. Kb1 b4 10.
Nce2 Nbd7 11. Bh6 Rb8 12. g4 Nb6 13. Ng3 Be6 14. Bxg7 Kxg7 15. gxh5 Na4 16. Ka1 Qa5 17. d5 Nc3 18. a3 bxa3 19. bxc3 cxd5 20. c4 Qa4 21. Qc3 Rb2 22. Bd3 Rfb8 23. N1e2 a2 24. Qxb2 Rxb2 25. Kxb2 dxc4 26. Bxc4 Bxc4 27. Nc1 Qb4+ 28.
Ka1 Qc3# 0-1

[Event "Early-Titled-Tuesday-Blitz-March-19-2024"]
[Site "Chess.com"]
[Date "2024.03.19"]
[Round "10"]
[White "ritanovikova"]
[Black "Kaissa10"]
[Result "0-1"]
[WhiteElo "2222"]
[BlackElo "2308"]
[TimeControl "180+1"]
[EndTime "9:53:06 PDT"]
[Termination "Kaissa10 won by resignation"]

1. e4 c5 2. Nc3 Nc6 3. d3 g6 4. Be3 d6 5. Qd2 Bg7 6. g3 Nf6 7. Bh6 O-O 8. h4 Bxh6 9. Qxh6 Ng4 10. Qd2 h5 11. f3 Nf6 12. Bh3 Nd4 13. Nd1 Bxh3 14.
Rxh3 Qc8 15. Rh1 e5 16. c3 Ne6 17. Qg2 c4 18. Nf2 Rd8 19. Ne2 d5 20. exd5 Nxd5 21. dxc4 Ne3 22. Qh2 Nc2+ 23. Kf1 Nxa1 24. Kg2 Qxc4 25. Nc1 Nc2 26. Nd1 Rd2+ 0-1

[Event "Early-Titled-Tuesday-Blitz-March-19-2024"]
[Site "Chess.com"]
[Date "2024.03.19"]
[Round "10"]
[White "platy3"]
[Black "Legendinunknown"]
[Result "1/2-1/2"]
[WhiteElo "2951"]
[BlackElo "2845"]
[TimeControl "180+1"]
[EndTime "9:53:11 PDT"]
[Termination "Game drawn by repetition"]

1. e4 e5 2. Nf3 Nc6 3. Bc4 d6 4.
d3 Na5 5. Bb3 Nxb3 6. axb3 Nf6 7.
h3 Be7 8. O-O O-O 9. Re1 Nd7 10.
c3 b6 11. Nbd2 Bb7 12. Nf1 f5 13. Ng3 f4 14. Nf1 Bf6 15. d4 Qe7 16. d5 g5 17.
N3h2 Bg7 18. b4 Nf6 19. Ng4 Qf7 20. Nfh2 h5 21. Nxf6+ Bxf6 22. Bd2 Bc8 23. f3 Qg6 24. Kf1 Bd7 25. c4 Kg7 26. b5 Rh8 27. Ke2 g4 28. hxg4 hxg4 29. Nxg4 Bxg4 30. fxg4 Qxg4+ 31. Kd3 Qg3+ 32. Qf3 Rh3 33. Ke2 Qxf3+ 34. gxf3 Rh2+ 35. Kd3 Bh4 36. Rh1 Rxh1 37. Rxh1 Bg3 38. Ra1 Kf6 39. b4 Ke7 40. Bc3 Kd7 41. c5 Bh4 42. Rh1 Rh8 43. Ra1 Ra8 44. Ke2 Bf6 45. Rh1 Rh8 46. Rxh8 Bxh8 47.
cxb6 cxb6 48. Kf2 Ke7 49. Kg2 Kf6 50. Kh3 Kg6 51. Kg4 Bf6 52. Be1 Be7 53. Bh4 Bxh4 54. Kxh4 Kh6 55. Kg4 Kg6 56. Kh4 Kh6 57. Kg4 Kg6 58.
Kh4 1/2-1/2

[Event "Early-Titled-Tuesday-Blitz-March-19-2024"]
[Site "Chess.com"]
[Date "2024.03.19"]
[Round "10"]
[White "nicolasbatista3"]
[Black "MatyChess1"]
[Result "0-1"]
[WhiteElo "2475"]
[BlackElo "2639"]
[TimeControl "180+1"]
[EndTime "9:53:12 PDT"]
[Termination "MatyChess1 won by resignation"]

1. d4 Nf6 2. c4 e6 3. Nc3 Bb4 4. f3 c5 5. d5 b5 6. e4 O-O 7.
Be3 exd5 8. cxd5 a6 9. a3 Bxc3+ 10. bxc3 d6 11. Bd3 Re8 12. Ne2 Nxd5 13. exd5 Rxe3 14. Be4 Qg5 15. Qd2 Qxg2 16. Rf1 Rxe4 17. fxe4 Qxe4 18.
O-O-O Bf5 19. Kb2 Bg6 20. Nf4 Nd7 21. Rde1 Qa4 22. Nxg6 hxg6 23. Qf4 Qxf4 24. Rxf4 Ne5 25. a4 Nd3+ 26. Kb3 Nxf4 0-1

[Event "Early-Titled-Tuesday-Blitz-March-19-2024"]
[Site "Chess.com"]
[Date "2024.03.19"]
[Round "10"]
[White "venturov"]
[Black "Lennis93"]
[Result "1-0"]
[WhiteElo "2525"]
[BlackElo "2746"]
[TimeControl "180+1"]
[EndTime "9:53:13 PDT"]
[Termination "venturov won by resignation"]

1. e4 c5 2. Nf3 e6 3. d3 Nc6 4.
g3 d5 5. Nbd2 d4 6. Bg2 e5 7.
O-O Bd6 8. a4 Nge7 9. Nc4 Bc7 10. Nh4 O-O 11. f4 exf4 12. gxf4 f5 13. Qh5 Nb4 14. Na3 Be6 15. Bd2 Qd7 16. Rae1 Bb6 17. b3 Rf6 18. exf5 Nxf5 19. Nxf5 Bxf5 20. Bxb4 cxb4 21.
Nc4 Rh6 22. Qf3 Rb8 23. Re5 Bc7 24. Qd5+ Be6 25. Rxe6 1-0

[Event "Early-Titled-Tuesday-Blitz-March-19-2024"]
[Site "Chess.com"]
[Date "2024.03.19"]
[Round "10"]
[White "Gryffindorac8"]
[Black "Durarbayli"]
[Result "0-1"]
[WhiteElo "2433"]
[BlackElo "2970"]
[TimeControl "180+1"]
[EndTime "9:53:19 PDT"]
[Termination "Durarbayli won by resignation"]

1. d4 Nf6 2. c4 e6 3. Nf3 b6 4. g3 Bb7 5. Bg2 Be7 6. O-O O-O 7. Nc3 Ne4 8. Qc2 Nxc3 9. Qxc3 a5 10. Rd1 d6 11. b3 Nd7 12. Bb2 Qe8 13. Qc2 f5 14. d5 e5 15. e4 f4 16. a3 Qh5 17. Qc3 Nc5 18. Re1 Bc8 19. Nd2 fxg3 20. hxg3 Bg5 21.
Nf1 Bg4 22. Bc1 Bxc1 23. Raxc1 Rf6 24. b4 Nd7 25. Nh2 Raf8 26. f3 Bxf3 27. Nxf3 Rxf3 28.
Re3 Rf2 29. Rc2 Qd1+ 0-1

[Event "Early-Titled-Tuesday-Blitz-March-19-2024"]
[Site "Chess.com"]
[Date "2024.03.19"]
[Round "10"]
[White "amanjazu"]
[Black "Korchmar_Vasiliy"]
[Result "0-1"]
[WhiteElo "2551"]
[BlackElo "2693"]
[TimeControl "180+1"]
[EndTime "9:53:19 PDT"]
[Termination "Korchmar_Vasiliy won by checkmate"]

1. g3 d5 2. Bg2 g6 3. f4 Bg7 4. Nf3 c5 5. O-O Nc6 6. d3 h5 7.
e4 dxe4 8. dxe4 Qxd1 9. Rxd1 Bg4 10. e5 Nd4 11. Rxd4 Bxf3 12. Rc4 Bxg2 13. Kxg2 b6 14. Nc3 Nh6 15. a4 Nf5 16. a5 Kd7 17. h3 f6 18.
exf6 exf6 19. g4 hxg4 20. hxg4 Nd4 21. Na4 Rae8 22. Nc3 Re1 23. axb6 axb6 24. Ra7+ Kc6 25. Rxg7 Rxc1 26. b4 Rxc2+ 27. Kf1 Rh1# 0-1

[Event "Early-Titled-Tuesday-Blitz-March-19-2024"]
[Site "Chess.com"]
[Date "2024.03.19"]
[Round "10"]
[White "vi_pranav"]
[Black "Hikaru"]
[Result "1-0"]
[WhiteElo "3083"]
[BlackElo "3269"]
[TimeControl "180+1"]
[EndTime "9:53:20 PDT"]
[Termination "vi_pranav won by resignation"]

1. e4 g6 2. d4 Bg7 3. Nf3 c5 4.
dxc5 Qa5+ 5. Nc3 Bxc3+ 6. bxc3 Qxc5 7. Bd3 d6 8. O-O Nc6 9. Rb1 Qa5 10. Re1 Qc7 11.
h3 Nf6 12. Bh6 b6 13. Bb5 Nd7 14. e5 dxe5 15. Qd5 Bb7 16. Ng5 e6 17. Nxe6 fxe6 18. Qxe6+ Kd8 19. Rbd1 Kc8 20. Rd6 Nd8 21. Bxd7+ Kb8 22. Qf6 a6 1-0

[Event "Early-Titled-Tuesday-Blitz-March-19-2024"]
[Site "Chess.com"]
[Date "2024.03.19"]
[Round "10"]
[White "dianamirza"]
[Black "shirovin"]
[Result "1-0"]
[WhiteElo "1992"]
[BlackElo "2030"]
[TimeControl "180+1"]
[EndTime "9:53:23 PDT"]
[Termination "dianamirza won on time"]

1. d4 d5 2. Nf3 Nf6 3. e3 e6 4. Bd3 c5 5. b3 Nc6 6. Bb2 Be7 7. Nbd2 O-O 8. a3 cxd4 9. exd4 Bd6 10. Ne5 Bxe5 11.
dxe5 Nd7 12. f4 Qb6 13. Qh5 Qe3+ 14. Kd1 g6 15. Qh6 Ndxe5 16. Re1 Qf2 17. fxe5 Qxg2 18.
Kc1 Bd7 19. Kb1 Rac8 20. Ka2 a6 21. Re3 f5 22. exf6 Rf7 23. Rg3 Qf2 24. Bxg6 Kh8 25.
Bxf7 1-0

[Event "Early-Titled-Tuesday-Blitz-March-19-2024"]
[Site "Chess.com"]
[Date "2024.03.19"]
[Round "10"]
[White "Muracle"]
[Black "AlexTruskavetsky"]
[Result "1-0"]
[WhiteElo "2572"]
[BlackElo "2665"]
[TimeControl "180+1"]
[EndTime "9:53:25 PDT"]
[Termination "Muracle won on time"]

1. d4 Nf6 2. g3 e6 3. Bg2 d5 4. Nf3 Bd6 5. O-O O-O 6. c4 Nbd7 7. Nc3 c6 8. Qc2 e5 9. cxd5 cxd5 10. Nb5 Bb8 11. dxe5 Nxe5 12. Nxe5 Bxe5 13. Bf4 Bxf4 14. gxf4 Be6 15. f5 Rc8 16. Qd3 Bd7 17. Nd4 Qb6 18. Rfe1 Rfe8 19. b3 Ne4 20. Rac1 Rxc1 21. Rxc1 Nf6 22.
e3 Qa5 23. Rc2 Rc8 24. Rxc8+ Bxc8 25. Bf3 Bd7 26. Qc2 Kf8 27. Kg2 Ke7 28. Qb2 Qb6 29. a3 Ke8 30. Qc3 a6 31. a4 Qd6 32.
a5 1-0

[Event "Early-Titled-Tuesday-Blitz-March-19-2024"]
[Site "Chess.com"]
[Date "2024.03.19"]
[Round "10"]
[White "akanga001"]
[Black "Dr_Pepper18"]
[Result "0-1"]
[WhiteElo "2072"]
[BlackElo "2424"]
[TimeControl "180+1"]
[EndTime "9:53:29 PDT"]
[Termination "Dr_Pepper18 won by resignation"]

1. d4 Nf6 2. c4 e6 3. Nc3 Bb4 4. Qc2 O-O 5. a3 Bxc3+ 6. Qxc3 d5 7. cxd5 Ne4 8. Qc2 exd5 9. e3 Bf5 10. Bd3 Bg6 11. Ne2 c6 12. Nc3 Re8 13. O-O Nd7 14.
f3 Nxc3 15. Qxc3 Nf6 16. Bxg6 hxg6 17. b4 a6 18. Bb2 Qd6 19. Rae1 Re6 20. Qc5 Qc7 21.
g3 Rae8 22. Kf2 Nd7 23. Qc1 Nb6 24. Qc2 Qe7 25. Bc1 Rf6 26. Qc5 Qc7 27. Kg2 Rfe6 28. Qc2 Nc8 29. e4 dxe4 30. fxe4 Nd6 31. e5 Nf5 32. d5 Rxe5 33. Bf4 Rxe1 34. Bxc7 Ne3+ 35. Kf2 Rxf1+ 36. Ke2 Nxc2+ 37. Kxf1 cxd5 0-1

[Event "Early-Titled-Tuesday-Blitz-March-19-2024"]
[Site "Chess.com"]
[Date "2024.03.19"]
[Round "10"]
[White "mertfelin"]
[Black "JaackCamel"]
[Result "0-1"]
[WhiteElo "2342"]
[BlackElo "2215"]
[TimeControl "180+1"]
[EndTime "9:53:33 PDT"]
[Termination "JaackCamel won by resignation"]

1. e4 e6 2. d4 d5 3. Nc3 Bb4 4. e5 Ne7 5. a3 Bxc3+ 6. bxc3 b6 7. Qg4 Ng6 8. h4 h5 9. Qf3 Ba6 10. Bxa6 Nxa6 11. Nh3 Nb8 12. Ng5 Qd7 13. g3 Nc6 14. O-O Na5 15. a4 Nc4 16. Qd3 a5 17. Nh3 Ne7 18. Kg2 Nf5 19. Bg5 Qc6 20. Nf4 Kd7 21.
Nh3 Raf8 22. Bf4 Nb2 23. Qd2 Nxa4 24. Ra3 Nb2 25. Ra2 Nc4 26. Qd3 f6 27. exf6 gxf6 28.
Re1 Rhg8 29. Kh2 Rg4 30. Bc1 Rfg8 31. Nf4 Nxh4 32. Rxe6 Nd6 33. Qg6 0-1

[Event "Early-Titled-Tuesday-Blitz-March-19-2024"]
[Site "Chess.com"]
[Date "2024.03.19"]
[Round "10"]
[White "VladimirBugayev"]
[Black "yaguigor"]
[Result "0-1"]
[WhiteElo "2352"]
[BlackElo "2557"]
[TimeControl "180+1"]
[EndTime "9:53:42 PDT"]
[Termination "yaguigor won by resignation"]

1. e4 d6 2. Nc3 c5 3. f4 Nc6 4.
Nf3 g6 5. Bc4 Bg7 6. O-O e6 7.
d4 Nxd4 8. Be3 Nxf3+ 9. Qxf3 Ne7 10. f5 exf5 11. exf5 gxf5 12. Bg5 Be6 13. Nd5 Bxd5 14. Bxd5 Bd4+ 15. Kh1 f6 16. c3 Be5 17. Bxb7 fxg5 18. Bxa8 O-O 19. Bd5+ Kh8 20. Rad1 g4 21. Qe2 Ng6 22.
g3 Qg5 23. Qd2 f4 24. gxf4 Bxf4 25. Qe2 Ne5 26. Rxf4 Qxf4 27. Rf1 Qxf1+ 0-1

[Event "Early-Titled-Tuesday-Blitz-March-19-2024"]
[Site "Chess.com"]
[Date "2024.03.19"]
[Round "10"]
[White "rikchessmx"]
[Black "Navyblue1"]
[Result "1-0"]
[WhiteElo "2287"]
[BlackElo "2218"]
[TimeControl "180+1"]
[EndTime "9:53:45 PDT"]
[Termination "rikchessmx won by resignation"]

1. e4 c5 2. Nf3 d6 3. d4 cxd4 4. Nxd4 Nf6 5. Nc3 a6 6. f4 Nc6 7.
Nb3 Qc7 8. Be3 g6 9. Bd3 Bg7 10. O-O b5 11. Qe1 Bb7 12. Kh1 O-O 13. Qh4 b4 14.
Ne2 a5 15. f5 a4 16. Nd2 Ne5 17. Nf3 Bc6 18. Nxe5 dxe5 19. Rf3 Qb7 20. Ng3 b3 21. cxb3 axb3 22. a3 Bb5 23. Bxb5 Qxb5 24. Bg5 Qc4 25. Rc3 Qd4 26. Rxb3 Rfd8 27. Rf1 Qc4 28. Rb7 Rd3 29. Rg1 Rb3 30. Rxe7 Rb6 31. Bh6 Bh8 32. fxg6 hxg6 33.
Qg5 Ra4 34. Qxe5 Nxe4 35. Re8+ 1-0

[Event "Early-Titled-Tuesday-Blitz-March-19-2024"]
[Site "Chess.com"]
[Date "2024.03.19"]
[Round "10"]
[White "Sam_ChessMood"]
[Black "superchess02"]
[Result "1-0"]
[WhiteElo "2953"]
[BlackElo "2833"]
[TimeControl "180+1"]
[EndTime "9:53:46 PDT"]
[Termination "Sam_ChessMood won by resignation"]

1. d4 Nf6 2. c4 g6 3. Nc3 Bg7 4.
e4 d6 5. Be2 O-O 6. Be3 Nbd7 7.
Nf3 e5 8. O-O Ng4 9. Bg5 f6 10.
Bd2 Nh6 11. dxe5 Nxe5 12. h3 Nxf3+ 13. Bxf3 f5 14. Qb3 Kh8 15. Rad1 f4 16. c5 Qg5 17. cxd6 cxd6 18. Qd5 Be5 19. Nb5 Rf6 20. Bc3 Be6 21.
Qxb7 Raf8 22. Rxd6 Bxc3 23. Nxc3 Bxh3 24. Rxf6 Rxf6 25.
Qd5 Qh4 26. Qd8+ Kg7 27. Nd5 1-0

[Event "Early-Titled-Tuesday-Blitz-March-19-2024"]
[Site "Chess.com"]
[Date "2024.03.19"]
[Round "10"]
[White "kassablanca"]
[Black "NovozhilovSemen"]
[Result "0-1"]
[WhiteElo "2747"]
[BlackElo "2643"]
[TimeControl "180+1"]
[EndTime "9:53:48 PDT"]
[Termination "NovozhilovSemen won by resignation"]

1. b3 a5 2. Nc3 g6 3. d4 Bg7 4. Nf3 Nf6 5. e4 c5 6. e5 Ng8 7. d5 d6 8. Bb5+ Bd7 9. Qe2 Bxb5 10. Qxb5+ Qd7 11. Bf4 dxe5 12. Bxe5 Nf6 13. O-O O-O 14. Rad1 Qxb5 15. Nxb5 a4 16. Rfe1 axb3 17. axb3 Nbd7 18. Bg3 Ra2 19. c4 Rb2 20. Rxe7 Rxb3 21. h3 Nb6 22. Bc7 Nxc4 23. Nd6 Nxd6 24. Bxd6 Rc8 25. Rc7 Rxc7 26. Bxc7 Nd7 27. Re1 Bf6 28. Re8+ Kg7 29. g4 Rxf3 30. Kg2 Rb3 31. Bd6 c4 32. h4 Bxh4 33.
Bc5 Bf6 34. Be3 h6 35. Rc8 b5 36. Rc7 Ne5 0-1

[Event "Early-Titled-Tuesday-Blitz-March-19-2024"]
[Site "Chess.com"]
[Date "2024.03.19"]
[Round "10"]
[White "Alen_Yeremyann"]
[Black "hitaman"]
[Result "0-1"]
[WhiteElo "2809"]
[BlackElo "2709"]
[TimeControl "180+1"]
[EndTime "9:53:51 PDT"]
[Termination "hitaman won by resignation"]

1. e4 c5 2. Nc3 e6 3. Nf3 a6 4. d4 cxd4 5. Nxd4 b5 6. a3 Bb7 7. Bd3 Nc6 8. Nxc6 Bxc6 9. O-O Bc5 10. Kh1 Ne7 11. f4 O-O 12. Bd2 f5 13. Qe2 Qc7 14.
Rae1 Qb7 15. exf5 Nxf5 16. Ne4 Bd4 17. c3 Bb6 18. Qg4 Kh8 19. Ng5 h6 20. Nf3 Rf6 21. Ne5 Bd5 22. Ng6+ Kh7 23. Ne7 Raf8 24. Bc1 Bc4 25.
Be4 d5 26. Bxf5+ exf5 27. Qf3 Bxf1 28. Qxf1 Re8 29. Nxd5 Rfe6 30. Rxe6 Rxe6 31. Nxb6 Qxb6 32. h3 Qc6 33. Kh2 Qc4 34. Qd1 Re2 35. Qf1 Qe4 36. c4 bxc4 0-1

[Event "Early-Titled-Tuesday-Blitz-March-19-2024"]
[Site "Chess.com"]
[Date "2024.03.19"]
[Round "10"]
[White "Rutricks"]
[Black "Chess_Gainz"]
[Result "1-0"]
[WhiteElo "2713"]
[BlackElo "2551"]
[TimeControl "180+1"]
[EndTime "9:53:56 PDT"]
[Termination "Rutricks won by resignation"]

1. Nc3 d6 2. b3 e5 3. Bb2 Nc6 4. e3 f5 5. d4 Be7 6. Qd2 Nf6 7. O-O-O O-O 8. Nf3 e4 9. d5 exf3 10. dxc6 bxc6 11. gxf3 a5 12. a4 Be6 13. Rg1 Rf7 14. Ne2 Nd5 15. Nd4 Bd7 16. Bc4 Bf6 17. Nxc6 Bxc6 18. Bxd5 Bxd5 19. Qxd5 Ra6 20. Bxf6 Qxf6 21.
Kb1 c6 22. Qxd6 Qc3 23. Qb8+ Rf8 24. Rd8 Rxd8 25. Qxd8+ Kf7 26. Qd7+ 1-0

[Event "Early-Titled-Tuesday-Blitz-March-19-2024"]
[Site "Chess.com"]
[Date "2024.03.19"]
[Round "10"]
[White "andrzej"]
[Black "only_strong_moves"]
[Result "0-1"]
[WhiteElo "2511"]
[BlackElo "2639"]
[TimeControl "180+1"]
[EndTime "9:53:58 PDT"]
[Termination "only_strong_moves won by checkmate"]

1. e4 e5 2. Nf3 Nc6 3. Bb5 a6 4. Ba4 Nge7 5. Nc3 Ng6 6. O-O Nd4 7. Nxd4 exd4 8. Ne2 c5 9. c4 Bd6 10. b4 cxb4 11. a3 d3 12. Ng3 O-O 13. axb4 Bxb4 14. Ba3 Bxa3 15. Rxa3 b5 16. Bb3 b4 17. Ra1 Bb7 18. Qb1 Nf4 19. Bd1 f5 20. Qxb4 Bxe4 21. Nxe4 fxe4 22. Ra5 Rb8 23. Qa3 Qf6 24. Ba4 Ne2+ 25.
Kh1 Qxf2 26. Qxf8+ Rxf8 27. Rxf2 Rxf2 28. g3 Nd4 29.
Bxd7 Nf3 30. Rh5 g6 31. Rh3 Rxd2 32. Be6+ Kg7 33. Bd5 Re2 34. c5 d2 35. Bb3 e3 36. c6 Nd4 37. c7 Nxb3 38. c8=Q d1=Q# 0-1

[Event "Early-Titled-Tuesday-Blitz-March-19-2024"]
[Site "Chess.com"]
[Date "2024.03.19"]
[Round "10"]
[White "Incognizance"]
[Black "Zampronha1971"]
[Result "0-1"]
[WhiteElo "1895"]
[BlackElo "2292"]
[TimeControl "180+1"]
[EndTime "9:54:03 PDT"]
[Termination "Zampronha1971 won by checkmate"]

1. d4 Nf6 2. c4 e6 3. Nf3 b6 4. g3 Ba6 5. Qc2 Bb7 6. Bg2 Be7 7. O-O O-O 8. Nc3 d5 9. Ne5 c6 10. f4 Nbd7 11. f5 Nxe5 12. dxe5 Ng4 13. e4 dxc4 14.
Bh3 Nxe5 15. fxe6 fxe6 16. Bxe6+ Kh8 17. Bf4 Nd3 18. Bxc4 Qd4+ 19. Kh1 Nxf4 20. Bb3 Ng6 21. Rfd1 Qe5 22. Rd7 Bc8 23. Rd2 Be6 24. Bxe6 Qxe6 25. Ne2 Rad8 26. Nd4 Qc8 27. Nf5 Bf6 28. Re2 Be5 29.
h4 Qe6 30. h5 Ne7 31. g4 Nxf5 32. exf5 Qd5+ 33. Kg1 Rfe8 34. Rae1 Bd4+ 35. Kf1 Qh1# 0-1

[Event "Early-Titled-Tuesday-Blitz-March-19-2024"]
[Site "Chess.com"]
[Date "2024.03.19"]
[Round "10"]
[White "Josgar05"]
[Black "chess94cu"]
[Result "0-1"]
[WhiteElo "2390"]
[BlackElo "2637"]
[TimeControl "180+1"]
[EndTime "9:54:05 PDT"]
[Termination "chess94cu won by resignation"]

1. Nf3 Nf6 2. b3 b6 3. Bb2 Bb7 4. e3 d6 5. d4 Nbd7 6. Be2 g6 7.
O-O Bg7 8. c4 O-O 9. Nbd2 Re8 10. Re1 e5 11. d5 a5 12. e4 Rf8 13. Nf1 Nxe4 14. Bd3 Nec5 15. Bc2 f5 16. Ng3 e4 17. Bxg7 Kxg7 18. Nd4 Qf6 19. a3 Kh8 20. b4 axb4 21. axb4 Nd3 22. Bxd3 Qxd4 23. Rxa8 Rxa8 24. Bf1 Qxd1 25. Rxd1 Ne5 26. Ne2 Nxc4 27. Nd4 Ne5 28.
Ne6 Ra4 29. Nxc7 Rxb4 30. Rc1 h5 31. Ne6 Bxd5 32. Rc8+ Kh7 33. Ng5+ Kg7 34. Rc7+ Kf8 35. h4 Rb1 36. Nh7+ Ke8 37. Nf6+ Kd8 38. Nxd5 Rd1 39. Rg7 Rxd5 40. Rxg6 Nxg6 0-1

[Event "Early-Titled-Tuesday-Blitz-March-19-2024"]
[Site "Chess.com"]
[Date "2024.03.19"]
[Round "10"]
[White "the_chess_child"]
[Black "Matrix3x3a"]
[Result "1-0"]
[WhiteElo "2872"]
[BlackElo "2653"]
[TimeControl "180+1"]
[EndTime "9:54:07 PDT"]
[Termination "the_chess_child won by resignation"]

1. e4 c5 2. Nf3 d6 3. g3 Nc6 4. Bg2 g6 5. O-O Bg7 6. c3 e5 7. a3 Nge7 8. b4 O-O 9. Bb2 a6 10.
h3 b6 11. d3 Rb8 12. Nbd2 Re8 13. Nc4 h6 14. Ne3 Be6 15. Qd2 Qd7 16. Kh2 d5 17.
exd5 Nxd5 18. Rfe1 Kh7 19. Nc4 Qc7 20. bxc5 bxc5 21.
a4 f6 22. Ba3 Na5 23. Nxa5 Qxa5 24. d4 cxd4 25. cxd4 Qxd2 26. Nxd2 Bg8 27. dxe5 fxe5 28. Rac1 Rec8 29. Bd6 Rxc1 30. Rxc1 Rb6 31. Ne4 Nf6 32. Nxf6+ Bxf6 33. Rc7+ Kh8 34. Bc5 Re6 35. Rc8 Kg7 36. Bd5 1-0

[Event "Early-Titled-Tuesday-Blitz-March-19-2024"]
[Site "Chess.com"]
[Date "2024.03.19"]
[Round "10"]
[White "Kirill_Klukin"]
[Black "axvesik"]
[Result "1-0"]
[WhiteElo "2786"]
[BlackElo "2564"]
[TimeControl "180+1"]
[EndTime "9:54:08 PDT"]
[Termination "Kirill_Klukin won by resignation"]

1. Nf3 Nf6 2. e3 g6 3. d4 Bg7 4. Be2 O-O 5. O-O d6 6. c4 Qe8 7. Nc3 c6 8. Qc2 e5 9. b4 Bf5 10. Qb3 Ne4 11. Nxe4 Bxe4 12. Bb2 Nd7 13. Nd2 exd4 14.
Nxe4 Qxe4 15. Bf3 Qf5 16. Bxd4 Ne5 17. Be2 Rfe8 18. Rad1 a5 19. b5 a4 20. Qb2 c5 21.
Bc3 Rad8 22. f4 a3 23. Qa1 Ng4 24. Bxg7 Nxe3 25. Bh6 f6 26. Bf3 Nxf1 27. g4 1-0

[Event "Early-Titled-Tuesday-Blitz-March-19-2024"]
[Site "Chess.com"]
[Date "2024.03.19"]
[Round "10"]
[White "AlexOstrovskiy"]
[Black "santosalberto1987"]
[Result "1-0"]
[WhiteElo "2737"]
[BlackElo "2569"]
[TimeControl "180+1"]
[EndTime "9:54:10 PDT"]
[Termination "AlexOstrovskiy won by checkmate"]

1. e4 e6 2. d4 d5 3. e5 c5 4. c3 Qb6 5. Nf3 Nc6 6. Bd3 cxd4 7.
O-O Bd7 8. Re1 Nge7 9. h4 Rc8 10.
a3 a5 11. Nbd2 dxc3 12. bxc3 Nf5 13. Rb1 Qc7 14. Nb3 a4 15. Nbd4 Nfxd4 16. cxd4 Be7 17.
h5 h6 18. Bb5 Qa5 19. Bxa4 Nxe5 20. Bxd7+ Nxd7 21. Rxb7 Bd6 22. Nh4 Qa6 23. Nf5 O-O 24.
Nxh6+ gxh6 25. Rxd7 Rfd8 26. Qg4+ Kf8 27. Rxf7+ Kxf7 28. Qg6+ Ke7 29. Qxe6+ Kf8 30. Bxh6# 1-0